AoeStats
← Tavik

Nomad

509737492Analyzed
2v2 RM · 5d ago on Sep 27, 2026· 43m 36s· 4 players
Game mode
Random Map
Map size
176×176
Population
200
Speed
Normal
Resources
Standard
Victory
Conquest
Starting age
Dark Age
Ending age
Imperial Age
RankedLock teamsTeams togetherTeam positionsShared explorationLock speedFull tech treeHidden civsTurbo modeCheats
Victory
Defeat
🇨🇿 Sicilians · Czechia
1305
+16
🇨🇿 Malians · Czechia
1299
+16
🇫🇷 Mongols · France
1318
-16
🇪🇸 Spanish · Spain
1296
-16
ruizcanela
4:37 Loom
13:21 Feudal Age
20:43 Castle Age
19:22 Bloodlines
20:26 Double-Bit Axe
22:45 Husbandry
24:34 Wheelbarrow
25:33 Fletching
28:26 Padded Archer Armor
29:57 Leather Archer Armor
38:01 Bodkin Arrow
41:07 Hand Cart
frexnir
4:53 Loom
14:56 Feudal Age
15:35 Double-Bit Axe
19:53 Castle Age
18:38 Scale Barding Armor
19:07 Fishing Lines
20:18 Forging
20:22 Bloodlines
22:37 Chain Barding Armor
25:17 Husbandry
28:34 Medium Warships
32:59 Iron Casting
33:18 Wheelbarrow
33:59 Fletching
34:11 Padded Archer Armor
36:50 Gold Mining
43:44 Imperial Age
Tavik
5:25 Loom
14:00 Feudal Age
20:23 Castle Age
20:05 Fletching
22:40 Pikeman
29:08 Double-Bit Axe
30:51 Wheelbarrow
30:03 Town Watch
38:49 Imperial Age
40:28 Bodkin Arrow
40:43 Forging
40:34 Scale Mail Armor
41:11 Ballistics
41:53 Chemistry
41:31 Bracer
41:05 Halberdier
Melioth
4:18 Loom
14:58 Feudal Age
18:42 Fletching
21:50 Castle Age
21:13 Padded Archer Armor
21:00 Double-Bit Axe
21:58 Crossbowman
22:29 Fishing Lines
23:30 Bodkin Arrow
24:14 Horse Collar
25:00 Leather Archer Armor
26:38 Ballistics
28:13 Thumb Ring
30:27 Bow Saw
33:21 Wheelbarrow
36:26 Gillnets
38:59 Heavy Plow
42:35 Imperial Age
42:36 Hand Cart
42:43 Arbalester
44:24 Chemistry
Connection lost

Rejoining the realm…

Still unreachable

The connection could not be restored.

Session expired

The server has moved on; the page needs a fresh start.